 Dungeon Crawl Stone Soup version 0.22.1-2-g9c5b331 (webtiles) character file.

364 ubloh the Ruffian (level 6, 0/37 HPs)
             Began as a Gargoyle Transmuter on Dec 28, 2018.
             Slain by Sigmund
             ... wielding a +4 scythe
              (6 damage)
             ... on level 4 of the Dungeon.
             The game lasted 00:19:59 (4441 turns).

ubloh the Ruffian (Gargoyle Transmuter)             Turns: 4441, Time: 00:20:00

Health: 0/37       AC:  9    Str: 15    XL:     6   Next: 67%
Magic:  9/9        EV: 11    Int: 14    God:
Gold:   192        SH:  0    Dex: 10    Spells: 6/9 levels left

rFire    . . .     SeeInvis .     - Unarmed
rCold    . . .     Gourm    .   (no shield)
rNeg     + . .     Faith    .   i - +0 ring mail
rPois    ∞         Spirit   .   (no helmet)
rElec    +         Reflect  .   (no cloak)
rCorr    .         Harm     .   (no gloves)
MR       .....                  (no boots)
Stlth    ..........             (no amulet)
HPRegen  0.12/turn              (no ring)
MPRegen  0.11/turn              (no ring)

@: no status effects
A: negative energy resistance 1, electricity resistance, unbreathing,
petrification resistance, rot immunity, AC +4
a: no special abilities


You were on level 4 of the Dungeon.
You were hungry.

You visited 1 branch of the dungeon, and saw 4 of its levels.

You collected 192 gold pieces.

Inventory:

Missiles
 a - 31 arrows
Armour
 b - a +0 robe
 i - a +0 ring mail (worn)
 l - a +0 leather armour
 o - a +0 chain mail
Jewellery
 w - an uncursed ring of poison resistance {unknown}
Wands
 x - a wand of paralysis (9)
Scrolls
 e - a scroll of enchant weapon {unknown}
 f - a scroll of teleportation {unknown}
 j - a scroll of fog {unknown}
 m - a scroll of remove curse {unknown}
 q - a scroll of noise {unknown}
 r - a scroll of immolation {unknown}
Potions
 c - 2 potions of haste {unknown}
 g - a potion of invisibility {unknown}
 h - a potion of lignification {unknown}
 k - 2 potions of curing {unknown}
 n - a potion of mutation {unknown}
 p - 2 potions of agility {unknown}
 s - a potion of might {unknown}
 u - 3 potions of resistance {unknown}
 v - a potion of degeneration {unknown}
Comestibles
 d - 8 rations
 t - 5 chunks of flesh


   Skills:
 + Level 3.0 Fighting
 + Level 2.5 Armour
 - Level 2.0 Dodging
 * Level 4.7 Unarmed Combat
 - Level 2.0 Spellcasting
 * Level 3.3 Transmutations


You had 6 spell levels left.
You knew the following spells:

 Your Spells              Type           Power        Failure   Level  Hunger
a - Beastly Appendage     Tmut           ##....       12%         1    ##.....
b - Sticks to Snakes      Tmut           ##......     17%         2    ###....

Your spell library contained the following spells:

 Spells                   Type           Power        Failure   Level  Hunger
 Spider Form              Tmut/Pois      #.........   56%         3    ####...
 Ice Form                 Ice/Tmut       #.......     92%         4    #####..
 Blade Hands              Tmut           ##........   97%         5    ######.


Dungeon Overview and Level Annotations

Branches:
Dungeon (4/15)
 Temple: D:4-7

Altars:
Cheibriados
Elyvilon
Kikubaaqudgha
Makhleb
Qazlal
Sif Muna
Trog
Vehumet
Zin
The Shining One

Annotations:
D:4 Sigmund


Innate Abilities, Weirdness & Mutations

You are resistant to torment.
Your stone body is resilient. (AC +4)
You are immune to poison.
You resist negative energy. (rN+)
You are resistant to electric shocks. (rElec)
You can survive without breathing.
You are immune to petrification.
You are immune to rotting.


Message History

You miss something. You claw something. Something hits you.
You barely miss something. You completely miss something.
Something hits you but does no damage.
You closely miss something. You miss something. You claw something.
Something hits you.
* * * LOW HITPOINT WARNING * * *
You barely miss something. Something hits you.
* * * LOW HITPOINT WARNING * * *
You hit something but do no damage. Your kick misses something.
You are feeling hungry.
Your ring mail prevents you from hitting something.
You claw something. You punch something.
You hear some strange, mumbled words.
A magic dart appears from out of thin air!
The magic dart hits you!
* * * LOW HITPOINT WARNING * * *
You miss something. Your kick misses something.
Your talons disappear.
Something hits you.
You die...

#.# #.....>...# #.#
#.##.####.# #.#
#.##.# #.#
#.##.############
#.###.##............#
<...........>#.####.#
...#######.#.#.###
...# #.#.#...# ...#
#.#.###@# ...# #.#.#
#{# ##.# #.#.# ...
#.# #...#.#.#. #.#
#..#.##.#.. #.###
#.... ... .# #...# .#
#.# .# ###.# #. #.# #
#.#


There were no monsters in sight!

Vanquished Creatures
  2 howler monkeys (D:4)
  An iguana (D:4)
  2 worker ants (D:4)
  A hound skeleton (D:4)
  3 gnolls (D:4)
  4 adders (D:3)
  2 oozes
  4 worms
  4 dart slugs
  A leopard gecko (D:3)
  5 orcs
  9 giant cockroaches
  9 goblins
  7 hobgoblins
  7 jackals
  12 kobolds
  2 quokkas (D:2)
  8 bats
  9 frilled lizards
  7 rats
99 creatures vanquished.

Vanquished Creatures (collateral kills)
  An adder (D:2)
1 creature vanquished.

Vanquished Creatures (others)
  A quokka (D:4)
1 creature vanquished.

Grand Total: 101 creatures vanquished

Notes
Turn   | Place    | Note
-------+----------+-------------------------------------------
     0 | D:1      | ubloh the Gargoyle Transmuter began the quest for the Orb.
     0 | D:1      | Reached XP level 1. HP: 12/12 MP: 3/3
   250 | D:1      | Reached XP level 2. HP: 16/16 MP: 5/5
   528 | D:1      | Learned a level 2 spell: Sticks to Snakes
   712 | D:1      | Reached XP level 3. HP: 14/20 MP: 4/6
   929 | D:1      | Reached skill level 1 in Armour
  1485 | D:2      | Reached XP level 4. HP: 25/26 MP: 7/7
  1922 | D:2      | Found a stormy altar of Qazlal.
  2108 | D:2      | Found an ancient bone altar of Kikubaaqudgha.
  2177 | D:2      | Found a glowing golden altar of the Shining One.
  2555 | D:3      | Found a glowing silver altar of Zin.
  3111 | D:3      | Reached XP level 5. HP: 30/31 MP: 6/8
  3219 | D:3      | Reached skill level 4 in Unarmed Combat
  3224 | D:3      | Found a bloodstained altar of Trog.
  3372 | D:3      | Found a burning altar of Makhleb.
  3410 | D:3      | Found a snail-covered altar of Cheibriados.
  3601 | D:3      | Found a deep blue altar of Sif Muna.
  3833 | D:4      | Found a white marble altar of Elyvilon.
  3851 | D:4      | Reached XP level 6. HP: 26/36 MP: 6/9
  4045 | D:4      | Paralysed by an orc for 7 turns
  4309 | D:4      | Found a radiant altar of Vehumet.
  4420 | D:4      | Noticed Sigmund
  4441 | D:4      | Slain by Sigmund

Skill      XL: |  1  2  3  4  5  6 |
---------------+-------------------+-----
Transmutations | 2 3 |  3.3
Armour         | 1 2 |  2.5
Fighting       | 2 3 |  3.0
Dodging        | 2 |  2.0
Unarmed Combat | 4 |  4.7
Spellcasting   | |  2.0

Action                   |  1- 3 |  4- 6 || total
-------------------------+-------+-------++-------
Melee: Unarmed           |   152 |   280 ||   432
       Kick              |     6 |    19 ||    25
       Headbutt          |     3 |    15 ||    18
       Punch             |     2 |     5 ||     7
 Cast: Beastly Appendage |     7 |    20 ||    27
       Sticks to Snakes  |     1 |     1 ||     2
  Eat: Chunk             |     2 |    10 ||    12
Armor: Ring mail         |    44 |    99 ||   143
       Robe              |     3 |       ||     3
       Leather armour    |    21 |       ||    21
Dodge: Dodged            |    93 |   125 ||   218
